 Dungeon Crawl Stone Soup version 0.30-a0-1082-g70414cbcbb (webtiles) character file.

Game seed: 2876529616130205822

2282 bande the Chopper (level 9, -5/55 HPs)
             Began as a Gargoyle Fighter on Apr 15, 2023.
             Was an Initiate of Okawaru.
             Engulfed by a steam dragon's steam (21 damage)
             ... on level 7 of the Dungeon.
             The game lasted 00:15:51 (7268 turns).

bande the Chopper (Gargoyle Fighter)                Turns: 7268, Time: 00:15:52

Health: -5/55      AC: 21    Str: 19    XL:     9   Next: 39%
Magic:  10/10      EV:  2    Int: 10    God:    Okawaru [......]
Gold:   245        SH: 14    Dex: 13    Spells: 8/8 levels left

rFire   . . .      SeeInvis .    q - +1 broad axe
rCold   . . .      Faith    .    r - +0 tower shield
rNeg    + + .      Spirit   .    v - +0 plate armour
rPois   ∞          Reflect  .    (no helmet)
rElec   +          Rampage  .    i - +1 cloak
rCorr   .                        (no gloves)
Will    .....                    (no boots) Stlth
                                 (no amulet)
HPRegen 0.29/turn                h - ring of positive energy
MPRegen 0.12/turn                (no ring)

@: no status effects
A: sickness immunity, AC +6, negative energy resistance 1, electricity
resistance, torment resistance 1, petrification resistance
a: Renounce Religion


You were on level 7 of the Dungeon.
You worshipped Okawaru.
Okawaru was noncommittal.
You visited 2 branches of the dungeon, and saw 8 of its levels.
You also visited: Sewer.

You collected 427 gold pieces.
You spent 182 gold pieces at shops.

Inventory:

Hand Weapons
 a - a +0 war axe
 p - a +0 morningstar
 q - a +1 broad axe (weapon)
Armour
 i - a +1 cloak (worn)
 r - a +0 tower shield (worn)
 v - a +0 plate armour (worn)
Jewellery
 h - a ring of positive energy (left hand)
Wands
 n - a wand of iceblast (8)
 u - a wand of light (9)
Scrolls
 b - 2 scrolls of enchant armour
 c - a scroll of fear
 g - a scroll of enchant weapon
 m - 3 scrolls of blinking
 t - a scroll of poison
Potions
 d - 2 potions of might
 e - 2 potions of haste
 f - 2 potions of flight
 j - a potion of resistance
 k - 4 potions of curing
 l - 2 potions of cancellation
 o - a potion of mutation
 s - 2 potions of ambrosia
 w - a potion of invisibility {unknown}


   Skills:
 + Level 5.6 Fighting
 + Level 7.4 Axes
 + Level 6.4 Armour
 + Level 6.8 Shields
 * Level 1.6 Invocations
 * Level 2.7 Evocations


You had 8 spell levels left.
You didn't know any spells.
Your spell library contained the following spells:

 Spells                   Type           Power      Damage    Failure   Level
 Shock                    Conj/Air       0%         1d3       100%        1
 Slow                     Hex            0%         N/A       100%        1
 Blink                    Tloc           0%         N/A       100%        2
 Lesser Beckoning         Tloc           0%         N/A       100%        2
 Momentum Strike          Conj/Tloc      0%         3d8       100%        2
 Confusing Touch          Hex            0%         N/A       100%        3
 Swiftness                Air            0%         N/A       100%        3
 Vampiric Draining        Necr           0%         2d6       100%        3
 Airstrike                Air            0%         2d(0-16)  100%        4
 Borgnjor's Vile Clutch   Necr/Erth      0%         N/A       100%        5
 Animate Dead             Necr           Unusable   N/A       N/A         4
 Death Channel            Necr           Unusable   N/A       N/A         6

Dungeon Overview and Level Annotations

Branches:
Dungeon (7/15)             Temple (1/1) D:7           Sewer (visited)

Altars:
Ashenzari
Cheibriados
Dithmenos
Elyvilon
Fedhas
Gozag
Hepliaklqana
Kikubaaqudgha
Makhleb
Nemelex Xobeh
Okawaru
Qazlal
Ru
Sif Muna
Uskayaw
Vehumet
Wu Jian
Xom
Yredelemnul
Zin
The Shining One

Shops:
D:3 !


Innate Abilities, Weirdness & Mutations

You are immune to sickness and miasma.
Your stone body is resilient. (AC +6)
You are immune to poison.
You resist negative energy. (rN+)
You are resistant to electric shocks. (rElec)
You are resistant to unholy torment.
You are immune to petrification.


Message History

HP restored.
You start waiting.
Done waiting.
You start waiting.
Done waiting.
You climb upwards.
Welcome back to the Dungeon!
There is a staircase to the Ecumenical Temple here.
The steam dragon breathes steam at you. The ball of steam hits you!
The steam dragon bites you.
The steam dragon claws you but does no damage.
You barely miss the steam dragon. The steam dragon breathes steam at you.
The ball of steam hits you!! You block the steam dragon's attack.
The steam dragon claws you but does no damage.
You are too injured to fight recklessly!
You are too injured to fight recklessly!
You are too injured to fight recklessly!
You are too injured to fight recklessly!
You are too injured to fight recklessly!
You are too injured to fight recklessly!
You are too injured to fight recklessly!
You are too injured to fight recklessly!
Unknown command.
You slash the steam dragon!
The steam dragon is moderately wounded.
You are engulfed in a cloud of scalding steam.
You block the steam dragon's attack. x2
You barely miss the steam dragon.
The steam dragon is moderately wounded.
You are engulfed in a cloud of scalding steam.
* * * LOW HITPOINT WARNING * * *
You block the steam dragon's attack.
The steam dragon claws you but does no damage.
The steam dragon bites you but does no damage.
You block the steam dragon's attack.
You slash the steam dragon!
The steam dragon is almost dead.
You are engulfed in a cloud of scalding steam.
You die...

...... #.##### #.....# ......
......# ##.....# . .....####.#
#.### #...... ###. .....#....#
#...# ..... .... .....#.##.#
#.⌠.# ... ...#
....<.....###...#### #.# ...+
#+##.#.............###.#+###...#
#.......⌠..>..D....÷........#
+.....)......@...[..........#
#.....####..§###.......).####
+.....+ #§⌠.# ####......#
#.....# #...# #...........
#.....# .§#### #............
#.....###. #............. #.....
## +............. #.........>...
#........?....


You could see a steam dragon.

Vanquished Creatures
  Prince Ribbit (D:5)
  A steam dragon (D:7)
  Menkaure (D:7)
  An acid dragon (D:7)
  A water moccasin (D:6)
  Duvessa (D:5)
  An orc warrior (D:6)
  2 sky beasts
  A black bear (D:4)
  An ogre (D:5)
  2 phantoms
  A scorpion (D:4)
  Dowan (D:5)
  4 killer bees (D:7)
  A jelly (D:5)
  2 orc priests
  2 sleepcaps
  A gnoll bouda (D:5)
  A hound (D:5)
  6 orc wizards
  An iguana (D:5)
  6 gnolls
  5 adders
  A white imp (D:5)
  2 ufetubi
  A worm (D:3)
  2 dart slugs
  21 orcs
  8 bats
  8 endoplasms
  6 giant cockroaches
  8 goblins
  8 hobgoblins
  3 jackals (D:2)
  6 quokkas
  19 ball pythons
  13 frilled lizards
  7 kobolds
  4 rats (D:1)
  A toadstool (D:2)
162 creatures vanquished.

Vanquished Creatures (others)
  4 fungi (D:2)
  2 toadstools (D:2)
6 creatures vanquished.

Grand Total: 168 creatures vanquished

Notes
Turn   | Place    | Note
-------+----------+-------------------------------------------
     0 | D:1      | bande the Gargoyle Fighter began the quest for the Orb.
     0 | D:1      | Reached XP level 1. HP: 14/14 MP: 1/1
   181 | D:1      | Reached XP level 2. HP: 19/19 MP: 2/2
   367 | D:1      | Reached skill level 2 in Axes
   662 | D:1      | Reached XP level 3. HP: 23/23 MP: 3/3
  1733 | D:3      | Reached XP level 4. HP: 28/28 MP: 4/4
  1873 | D:3      | Reached skill level 3 in Axes
  1907 | D:3      | Found a glowing drain.
  1918 | Sewer    | Entered a sewer
  2214 | D:3      | Found Woutiv's Distillery.
  2227 | D:3      | Found a shimmering altar of Xom.
  2242 | D:3      | Bought a potion of heal wounds for 70 gold pieces
  2242 | D:3      | Bought a potion of might for 56 gold pieces
  2242 | D:3      | Bought a potion of might for 56 gold pieces
  2324 | D:3      | Reached XP level 5. HP: 23/33 MP: 5/5
  2878 | D:4      | Reached XP level 6. HP: 7/38 MP: 6/6
  2887 | D:4      | Reached skill level 4 in Axes
  3093 | D:4      | Reached XP level 7. HP: 28/44 MP: 7/7
  3175 | D:4      | Found an ornate altar of the Wu Jian Council.
  3562 | D:4      | Reached skill level 5 in Axes
  3631 | D:5      | Entered Level 5 of the Dungeon
  3678 | D:5      | Reached skill level 5 in Armour
  4208 | D:5      | Noticed Prince Ribbit
  4230 | D:5      | Killed Prince Ribbit
  4231 | D:5      | Reached skill level 5 in Fighting
  4231 | D:5      | Reached skill level 5 in Shields
  4231 | D:5      | Reached XP level 8. HP: 13/49 MP: 8/8
  4397 | D:5      | Reached skill level 6 in Axes
  5372 | D:5      | Found a glowing silver altar of Zin.
  5372 | D:5      | Found a basalt altar of Yredelemnul.
  5377 | D:5      | Found a blossoming altar of Fedhas.
  5378 | D:5      | Found a broken altar of Ashenzari.
  5380 | D:5      | Found an ancient bone altar of Kikubaaqudgha.
  5381 | D:5      | Found a burning altar of Makhleb.
  5383 | D:5      | Found a white marble altar of Elyvilon.
  5388 | D:5      | Found a shimmering blue altar of Sif Muna.
  5388 | D:5      | Noticed Dowan
  5389 | D:5      | Noticed Duvessa
  5405 | D:5      | Killed Duvessa
  5420 | D:5      | Killed Dowan
  5863 | D:6      | Reached skill level 1 in Evocations
  6308 | D:6      | Reached XP level 9. HP: 54/54 MP: 9/9
  6658 | D:7      | Noticed Menkaure
  6661 | D:7      | Found a staircase to the Ecumenical Temple.
  6664 | D:7      | Killed Menkaure
  6665 | D:7      | Reached skill level 7 in Axes
  6677 | Temple   | Entered the Ecumenical Temple
  6706 | Temple   | Became a worshipper of Warmaster Okawaru
  6795 | D:7      | Reached skill level 1 in Invocations
  6880 | D:7      | Reached * piety under Okawaru
  7268 | D:7      | Engulfed by a steam dragon's steam

Illustrated notes

Levels and vault maps discovered:
D:1:      amcnicky_arrival_blooded_trapdoor, layout_loops_ring
D:2:      layout_loops_corners, minmay_gold_behind_fungi,
          hangedman_decor_riveting, hangedman_decor_points
D:3:      layout_basic, xom_teletrap_fun, gup_sewer_entry_spiral,
          serial_corexii_hall, corexii_hall_statues_deadend,
          corexii_hall_statues_deadend, serial_shops,
          nicolae_shop_temple_entry_statues_fountains
D:4:      wander_river, layout_loops_ring, mainiacjoe_overflow_24_doors,
          minmay_parallelograms
D:5:      layout_loops_cross, nicolae_overflow_hallway_of_the_gods,
          minmay_quadrilaterals, uniq_duvessa, uniq_prince_ribbit1
D:6:      layout_basic
D:7:      layout_basic, minmay_temple_entry_junction,
          gammafunk_ghost_wrathful_warriors, uniq_menkaure, uniq_joseph
Temple:   chequers_temple_sunken

Skill      XL: |  1  2  3  4  5  6  7  8  9 |
---------------+----------------------------+-----
Axes           | 2 3 4 5 6 7 |  7.4
Armour         | 4 5 6 |  6.4
Fighting       | 4 5 |  5.6
Shields        | 4 5 6 |  6.8
Evocations     | 2 |  2.7
Invocations    | 1 |  1.6

Action                     |  1- 3 |  4- 6 |  7- 9 || total
---------------------------+-------+-------+-------++-------
  Melee: War axe           |   128 |   193 |       ||   321
         Broad axe         |       |    84 |   217 ||   301
    Use: Scroll            |     9 |     6 |     6 ||    21
         Potion            |       |     1 |     4 ||     5
 Armour: Scale mail        |    79 |       |       ||    79
         Chain mail        |     6 |   244 |   139 ||   389
         Plate armour      |       |       |   114 ||   114
  Dodge: Dodged            |    73 |    93 |    28 ||   194
  Block: Buckler           |    35 |    58 |       ||    93
         Tower shield      |       |    74 |   231 ||   305

Table legend: (Time is in decaauts)
 A = Elapsed time spent in this place.
 B = Non-inter-level travel time spent in this place.
 C = Inter-level travel time spent in this place.
 D = Time resting spent in this place.
 E = Time spent auto-exploring this place.
 F = Levels seen in this place.
 G = Mean time per level.
                   A        B        C        D        E       F      G
               +--------+--------+--------+--------+--------+-----+--------+
         Total |   7705 |   7524 |    181 |   1826 |   3724 |   9 |  856.1 |
       Dungeon |   6989 |   6808 |    181 |   1457 |   3631 |   7 |  998.4 |
        Temple |    435 |    435 |      0 |    369 |     20 |   1 |  435.0 |
         Sewer |    280 |    280 |      0 |      0 |     72 |   1 |  280.0 |
               +--------+--------+--------+--------+--------+-----+--------+

Top non-repeatable levels by time:
     D:5: 2291 daAuts
     D:4: 1130 daAuts
     D:2: 923 daAuts
     D:6: 834 daAuts
     D:1: 819 daAuts
     D:3: 781 daAuts
  Temple: 435 daAuts
   Sewer: 280 daAuts
     D:7: 209 daAuts
